 Dungeon Crawl Stone Soup version 0.19-b1-4-gd8a0a2a (webtiles) character file.

17903 Inkary the Cleaver (level 12, -8/87 HPs)
             Began as a Demonspawn Gladiator on Oct 30, 2016.
             Was a Follower of Uskayaw.
             Killed from afar by a frost giant (9 damage)
             ... with a bolt of cold
             ... in an ice cave.
             The game lasted 00:23:53 (9191 turns).

Inkary the Cleaver (Demonspawn Gladiator)           Turns: 9191, Time: 00:23:54

Health: -8/87      AC: 16    Str: 22    XL:     12   Next: 23%
Magic:  0/14       EV: 11    Int: 10    God:    Uskayaw [*.....]
Gold:   333        SH: 11    Dex: 18    Spells: 0 memorised, 11 levels left

rFire  x . .     SeeInvis +     K - +8 hand axe of Floods {pain, MR+ Str+3 Dex+3 SInv}
rCold  + . .     Gourm    .     y - +1 chain mail {MR+}
rNeg   . . .     Faith    .     p - +0 shield
rPois  +         Spirit   +     (helmet restricted)
rElec  .         Reflect  .     w - +2 cloak
rCorr  .         Harm     .     (no gloves)
MR     ++...                    I - +0 pair of boots
Stlth  ..........               S - amulet of guardian spirit
                                J - ring of ice
                                G - ring of poison resistance

@: no status effects
A: horns 1, repulsion field 2, mutation resistance 1, powered by death 1, spiny
2
a: Stomp, Renounce Religion


You were in an ice cave.
You worshipped Uskayaw.
Uskayaw was noncommittal.
You were not hungry.

You visited 3 branches of the dungeon, and saw 13 of its levels.
You also visited: Ice Cave.

You collected 729 gold pieces.
You spent 396 gold pieces at shops.

Inventory:

Hand Weapons
 k - a +1 vampiric demon trident
 C - a +3 flail of protection
 K - the +8 hand axe of Floods (weapon) {pain, MR+ Str+3 Dex+3 SInv}
   (You bought it in a shop on level 5 of the Dungeon)

   In the hands of one skilled in necromantic magic, it inflicts extra damage on
   living creatures.
   It affects your strength (+3).
   It affects your dexterity (+3).
   It affects your resistance to hostile enchantments.
   It lets you see invisible.
Missiles
 d - 2 throwing nets (quivered)
Armour
 p - a +0 shield (worn)
 w - a +2 cloak (worn)
 y - a +1 chain mail of magic resistance (worn)
 I - a +0 pair of boots (worn)
Jewellery
 j - an uncursed ring of resist corrosion
 o - an uncursed ring of protection from fire
 G - a ring of poison resistance (left hand)
 J - a ring of ice (right hand)
 P - an uncursed amulet of the gourmand
 S - an amulet of guardian spirit (around neck)
Wands
 e - a wand of enslavement (8/24)
 B - a wand of iceblast (8/15)
Scrolls
 b - a scroll of identify
 g - 5 scrolls of teleportation
 l - 5 scrolls of remove curse
 m - a scroll of fog
 r - 2 scrolls of enchant armour
 s - 2 scrolls of fear
 D - a scroll of blinking
 L - 2 scrolls of recharging
 N - a scroll of enchant weapon
Potions
 u - 2 potions of lignification
 U - 3 potions of flight
Miscellaneous
 a - a sack of spiders
Comestibles
 c - 9 beef jerkies
 f - 8 bread rations
 h - 11 chunks of flesh
 M - 7 meat rations


   Skills:
 + Level 5.7 Fighting
 - Level 14.3 Axes
 - Level 1.7 Throwing
 + Level 7.5 Armour
 - Level 2.6 Dodging
 + Level 6.3 Shields
 + Level 3.4 Invocations


You had 11 spell levels left.
You didn't know any spells.

Dungeon Overview and Level Annotations

Branches:
Dungeon (11/15)            Temple (1/1) D:5            Lair (1/6) D:9
    Orc: D:9-12

Altars:
Ashenzari
Cheibriados
Dithmenos
Elyvilon
Fedhas
Gozag
Hepliaklqana
Kikubaaqudgha
Makhleb
Nemelex Xobeh
Okawaru
Qazlal
Ru
Sif Muna
Trog
Uskayaw
Vehumet
Xom
Yredelemnul
The Shining One

Shops:
D:5 [(   D:6 *   D:10 [


Innate Abilities, Weirdness & Mutations

You have a pair of small horns on your head.
You are surrounded by a moderate repulsion field. (EV +3)
You regenerate a little health from kills.
You are mostly covered in sharp spines.
You are somewhat resistant to further mutation.


Message History

You can no longer pass through a line of other dancers.
You're too confused!
You cannot move. (Use ctrl+direction to attack without moving.)
You cannot move. (Use ctrl+direction to attack without moving.)
Your magical effects are unravelling.
You feel magically purged.
You feel less woody.
Your +2 cloak unmelds from your body.
Your +0 pair of boots unmelds from your body.
Your +1 chain mail of magic resistance unmelds from your body.
You feel resistant to hostile enchantments.
You feel less invigorated.
You feel less confused.
You feel a little less agile now.
The frost giant points at you and mumbles some strange words.
The bolt of cold hits you! You resist.
* * * LOW HITPOINT WARNING * * *
You hear a bellow!
The frost giant points at you and mumbles some strange words.
The bolt of cold hits you! You resist.
You die...

########## #######
#######Chh##.Ch#
≈≈≈≈≈≈≈##
#..#.h.##..h##hh
#≈≈≈#######
#..######## #Y
###≈≈≈#≈≈.#####C.#
# ##≈≈≈≈#≈@(##..##
####≈≈#≈≈≈##(Ch###
##.≈≈####≈≈≈#####
#..### ≈≈≈≈#≈≈# #
##..###≈≈≈≈≈≈≈≈≈
###
##..####≈≈≈≈≈≈≈
..## #..###
##≈≈#≈#≈ ...#
##...## #≈≈≈≈ .###
###..#


You could see a frost giant and a polar bear.

Vanquished Creatures
  Fannar (Lair:1)
  A centaur warrior (D:10)
  2 death yaks (IceCv)
  A black mamba (Lair:1)
  An ice statue (IceCv)
  2 spiny frogs (Lair:1)
  A troll (D:10)
  6 polar bears (IceCv)
  A hornet (D:9)
  2 two-headed ogres
  4 hippogriffs
  A shadow (D:11)
  Sigmund (D:6)
  A wraith (D:7)
  23 yaks
  A hungry ghost (D:7)
  Menkaure (D:5)
  Edmund (D:6)
  3 water moccasins
  2 porcupines (Lair:1)
  Duvessa (D:5)
  An orc warrior (D:9)
  3 sky beasts
  10 ice beasts
  A phantom (D:9)
  An ogre (D:7)
  A black bear (Lair:1)
  18 wolves (IceCv)
  3 centaurs
  3 big kobolds
  Blork the orc (D:6)
  6 bullfrogs
  Dowan (D:5)
  6 scorpions
  A wyvern skeleton (D:6)
  5 killer bees (D:7)
  6 howler monkeys
  5 crimson imps
  A bullfrog zombie (D:5)
  A quasit (D:10)
  6 orc priests
  2 centaur skeletons
  A bullfrog skeleton (D:10)
  5 hounds
  5 orc wizards
  2 jellies
  Crazy Yiuf (D:6)
  Ijyb (D:3)
  3 iguanas
  9 worker ants
  2 hound skeletons
  A howler monkey skeleton (D:5)
  11 adders
  A shadow imp (D:8)
  2 oozes
  2 worms
  5 leopard geckos
  33 orcs
  4 giant cockroaches
  11 goblins
  9 hobgoblins
  13 jackals
  16 kobolds
  3 quokkas
  7 bats
  6 frilled lizards
  2 leopard gecko skeletons
  A quokka skeleton (D:8)
  3 rats
  A fungus (D:6)
299 creatures vanquished.

Vanquished Creatures (others)
  3 polar bears (IceCv)
3 creatures vanquished.

Grand Total: 302 creatures vanquished

Notes
Turn   | Place    | Note
-------+----------+-------------------------------------------
     0 | D:1      | Inkary the Demonspawn Gladiator began the quest for the Orb.
     0 | D:1      | Reached XP level 1. HP: 16/16 MP: 1/1
    63 | D:1      | Reached skill level 3 in Axes
    68 | D:1      | Gained mutation: You regenerate a little health from kills. [demonic ancestry]
    68 | D:1      | Reached XP level 2. HP: 18/22 MP: 2/2
   563 | D:1      | Gained mutation: You have a pair of small horns on your head. [demonic ancestry]
   563 | D:1      | Reached XP level 3. HP: 28/28 MP: 3/3
  1338 | D:2      | Reached skill level 4 in Axes
  1344 | D:2      | Gained mutation: You are surrounded by a mild repulsion field. (EV +2) [demonic ancestry]
  1344 | D:2      | Reached XP level 4. HP: 29/34 MP: 4/4
  1377 | D:2      | Found a sparkling altar of Nemelex Xobeh.
  1610 | D:3      | Found a faded altar of an unknown god.
  1697 | D:3      | Found a sacrificial altar of Ru.
  1963 | D:3      | Noticed Ijyb
  1979 | D:3      | Killed Ijyb
  1979 | D:3      | Reached XP level 5. HP: 10/41 MP: 5/5
  2343 | D:3      | Found a white marble altar of Elyvilon.
  2531 | D:4      | Reached skill level 5 in Axes
  2792 | D:4      | Found a shadowy altar of Dithmenos.
  2926 | D:4      | Reached XP level 6. HP: 45/48 MP: 6/6
  3081 | D:4      | Noticed a hippogriff
  3093 | D:4      | Killed a hippogriff
  3093 | D:4      | Reached skill level 6 in Axes
  3213 | D:5      | Entered Level 5 of the Dungeon
  3223 | D:5      | Gained mutation: You are partially covered in sharp spines. [demonic ancestry]
  3223 | D:5      | Reached XP level 7. HP: 47/55 MP: 7/7
  3343 | D:5      | Reached skill level 5 in Fighting
  3363 | D:5      | Found a staircase to the Ecumenical Temple.
  3399 | D:5      | Found Doestruab's Antique Armour Emporium.
  3412 | D:5      | Bought a shiny chain mail for 252 gold pieces
  3444 | D:5      | Noticed Menkaure
  3450 | D:5      | Killed Menkaure
  3450 | D:5      | Reached skill level 7 in Axes
  3450 | D:5      | Reached skill level 1 in Shields
  3494 | D:5      | Found Aryeve's Antique Weapon Shoppe.
  3537 | D:5      | Noticed Duvessa
  3537 | D:5      | Noticed Dowan
  3550 | D:5      | Killed Duvessa
  3550 | D:5      | Reached XP level 8. HP: 55/62 MP: 8/8
  3552 | D:5      | Killed Dowan
  3586 | D:5      | Reached skill level 8 in Axes
  3600 | D:5      | Found a shimmering altar of Xom.
  3780 | D:6      | Noticed Blork the orc
  3793 | D:6      | Killed Blork the orc
  3844 | D:6      | Noticed Edmund
  3868 | D:6      | Killed Edmund
  3872 | D:6      | Reached skill level 9 in Axes
  3880 | D:6      | Found an opulent altar of Gozag.
  3880 | D:6      | Found Gozag's Platinum Reserve.
  3968 | D:6      | Found a hazy altar of Hepliaklqana.
  4021 | D:6      | Noticed Sigmund
  4028 | D:6      | Killed Sigmund
  4028 | D:6      | Reached XP level 9. HP: 68/68 MP: 9/9
  4226 | D:6      | Found a runed door.
  4230 | D:6      | Noticed Crazy Yiuf
  4234 | D:6      | Killed Crazy Yiuf
  4377 | D:7      | Gained mutation: You are somewhat resistant to further mutation. [mutagenic meat]
  4429 | D:7      | Reached skill level 10 in Axes
  4497 | D:7      | Reached skill level 5 in Shields
  5151 | D:5      | Bought a faintly glowing hand axe for 144 gold pieces
  5152 | D:5      | Identified the +8 hand axe of Floods {pain, MR+ Str+3 Dex+3 SInv} (You bought it in a shop on level 5 of the Dungeon)
  5921 | Temple   | Entered the Ecumenical Temple
  5938 | Temple   | Became a worshipper of Uskayaw the Reveler
  5971 | D:5      | Reached * piety under Uskayaw
  5973 | D:5      | Reached skill level 11 in Axes
  6043 | D:9      | Reached ** piety under Uskayaw
  6047 | D:9      | Reached skill level 1 in Armour
  6048 | D:9      | Reached *** piety under Uskayaw
  6051 | D:9      | Gained mutation: You are mostly covered in sharp spines. [demonic ancestry]
  6051 | D:9      | Reached XP level 10. HP: 45/74 MP: 0/10
  6054 | D:9      | Reached **** piety under Uskayaw
  6057 | D:9      | Reached ***** piety under Uskayaw
  6094 | D:9      | Found a staircase to the Lair.
  6455 | D:9      | Found a burning altar of Makhleb.
  6655 | Lair:1   | Entered Level 1 of the Lair of Beasts
  6655 | Lair:1   | Noticed Fannar
  6666 | Lair:1   | Killed Fannar
  6666 | Lair:1   | Reached skill level 12 in Axes
  6674 | Lair:1   | Noticed a spiny frog
  6678 | Lair:1   | Killed a spiny frog
  6824 | Lair:1   | Noticed a black mamba
  6830 | Lair:1   | Killed a black mamba
  6944 | Lair:1   | Noticed a spiny frog
  6955 | Lair:1   | Killed a spiny frog
  6955 | Lair:1   | Reached XP level 11. HP: 53/79 MP: 7/11
  7182 | D:10     | Entered Level 10 of the Dungeon
  7394 | D:10     | Reached skill level 5 in Armour
  7400 | D:10     | Reached skill level 13 in Axes
  8133 | D:10     | Found Ixycol's Antique Armour Emporium.
  8381 | D:10     | Noticed a centaur warrior
  8391 | D:10     | Killed a centaur warrior
  8555 | D:11     | Found a frozen archway.
  8611 | IceCv    | Entered an ice cave
  8691 | IceCv    | Reached skill level 14 in Axes
  8736 | IceCv    | Noticed a death yak
  8737 | IceCv    | Noticed a death yak
  8761 | IceCv    | Killed a death yak
  8781 | IceCv    | Killed a death yak
  8918 | IceCv    | Gained mutation: You are surrounded by a moderate repulsion field. (EV +3) [demonic ancestry]
  8918 | IceCv    | Reached XP level 12. HP: 54/86 MP: 10/12
  8918 | IceCv    | Reached skill level 1 in Invocations
  9120 | IceCv    | Noticed a frost giant
  9155 | IceCv    | HP: 3/87 [frost giant/battleaxe of freezing (15)]
  9186 | IceCv    | HP: 6/130 [frost giant/battleaxe of freezing (7)]
  9190 | IceCv    | HP: 1/87 [frost giant/bolt of cold (4)]
  9191 | IceCv    | Killed from afar by a frost giant

Skill      XL: |  1  2  3  4  5  6  7  8  9 10 11 12 |
---------------+-------------------------------------+-----
Axes           | 3 4 5 6 7 9 11 12 14 | 14.3
Fighting       | 3 4 5 |  5.7
Shields        | 2 4 5 6 |  6.3
Armour         | 1 4 7 |  7.5
Invocations    | 3 |  3.4
Throwing       | |  1.7
Dodging        | |  2.6

Action                   |  1- 3 |  4- 6 |  7- 9 | 10-12 || total
-------------------------+-------+-------+-------+-------++-------
Melee: War axe           |   106 |   144 |   232 |       ||   482
       Headbutt          |     7 |    21 |    54 |   116 ||   198
       Hand axe          |       |       |    45 |   398 ||   443
Throw: Throwing net      |       |       |       |     2 ||     2
Invok: Stomp             |       |       |     3 |    11 ||    14
Evoke: Wand              |       |       |       |     3 ||     3
  Use: Potion            |       |     4 |     1 |    14 ||    19
       Scroll            |       |     1 |       |    18 ||    19
 Stab: Sleeping          |     3 |     8 |       |       ||    11
       Paralysed         |       |       |       |    33 ||    33
  Eat: Chunk             |     1 |     7 |    10 |     8 ||    26
       Beef jerky        |       |       |     1 |       ||     1
       Meat ration       |       |       |       |     1 ||     1
Armor: Leather armour    |    29 |     9 |       |       ||    38
       Ring mail         |       |    33 |     3 |       ||    36
       Chain mail        |       |       |    91 |   111 ||   202
       Skin              |       |       |       |     3 ||     3
Dodge: Dodged            |    72 |    80 |    74 |   108 ||   334
Block: Shield            |     7 |    53 |   106 |   193 ||   359
